 Dungeon Sprint DCSS version 0.14-a0-586-g2535b90 (webtiles) character file.

0 Bloax the Cudgeler (level 1, 0/13 HPs)
             Began as a Gargoyle Gladiator on Nov 4, 2013.
             Was an Initiate of Cheibriados.
             Slain by a polar bear (10 damage)
             ... in the Dungeon (Sprint V: "Ziggurat Sprint").
             The game lasted 00:01:20 (70 turns).

Bloax the Cudgeler (Gargoyle Gladiator)               Turns: 70, Time: 00:01:20

HP   0/13        AC 18     Str 31      XL: 1   Next: 10%
MP   0/0         EV  4     Int  9      God: Cheibriados [......]
Gold 0           SH 23     Dex 11      Spells:  0 memorised,  0 levels left

Res.Fire  : . . .   See Invis. : .   a - +5 demon whip
Res.Cold  : . . .   Warding    : .   l - +5 storm dragon armour
Life Prot.: + + .   Conserve   : .   G - +6 shield of the gong {rElec rN+ MR+}
Res.Poison: +       Res.Corr.  : .   c - +0 helmet
Res.Elec. : +       Clarity    : .   (no cloak)
Sust.Abil.: . .     Spirit.Shd : .   (no gloves)
Res.Mut.  : .       Prev.Telep.: +   (no boots)
Res.Rott. : +       Flight     : .   (no amulet)
Saprovore : . . .                    F - +6 ring of strength
                                     E - +6 ring of strength

@: very slow, somewhat resistant to hostile enchantments, extremely unstealthy
A: fangs 1, talons 2, life protection 1, slow metabolism 1, unbreathing,
petrification resistance, AC +2
a: Renounce Religion


You were in the Dungeon.
You worshipped Cheibriados.
Cheibriados was noncommittal.
You were not hungry.

You visited 1 branch


Innate Abilities, Weirdness & Mutations

You are resistant to torment.
You are immune to poison.
Your stone body is very resilient (AC +2).
You have very sharp teeth.
You have razor-sharp toenails.
You resist negative energy.
You have a slow metabolism.
You can survive without breathing.
You are immune to petrification.


   Skills:
 + Level 2.3 Fighting
 * Level 3.5 Maces & Flails
 - Level 2.0 Throwing
 + Level 0.2 Armour
 + Level 2.5 Dodging


You couldn't memorise any spells.
You didn't know any spells.

Dungeon Overview and Level Annotations

Branches:
Dungeon (1/1)

Altars:
Ashenzari
Cheibriados
Elyvilon
Fedhas
Kikubaaqudgha
Makhleb
Nemelex Xobeh
Okawaru
Sif Muna
Trog
Vehumet
Xom
Yredelemnul
Zin
the Shining One
Beogh
Jiyva
Lugonu

Inventory:

Hand weapons
 a - a +5,+5 demon whip (weapon)
   (You found it in the Dungeon)
 b - a +5,+5 great mace
   (You found it in the Dungeon)
Missiles
 d - 3 throwing nets (quivered)
Armour
 c - a +0 helmet (worn)
 l - a +5 storm dragon armour (worn)
   (You found it in the Dungeon)
 G - the +6 shield of the gong (worn) {rElec rN+ MR+}
   (You found it in the Dungeon)

   It insulates you from electricity.
   It protects you from negative energy.
   It affects your resistance to hostile enchantments.
Magical devices
 A - a wand of disintegration (7)
   (You found it in the Dungeon)
 B - a wand of fire (3)
   (You found it in the Dungeon)
 C - a wand of cold (5)
   (You found it in the Dungeon)
 D - a wand of draining (5)
   (You found it in the Dungeon)
Comestibles
 f - 5 bread rations
 h - 42 strawberries
 j - 4 meat rations
Scrolls
 k - 4 scrolls of blinking
 m - 4 scrolls of amnesia
 n - 3 scrolls of recharging
 o - 7 scrolls of fog
 p - 5 scrolls of identify
 q - 5 scrolls of remove curse
 y - 2 scrolls of fear
 z - a scroll of holy word
Jewellery
 E - a +6 ring of strength (left hand)
   (You found it in the Dungeon)
 F - a +6 ring of strength (right hand)
   (You found it in the Dungeon)
Potions
 e - 10 potions of curing
 g - 10 potions of heal wounds
 i - 7 potions of magic
 r - 2 potions of brilliance
 s - 2 potions of invisibility
 t - 2 potions of restore abilities
 u - 4 potions of resistance
 v - a potion of experience
 w - 5 potions of agility
 x - 5 potions of might

#######
#.8^8.#
#.....#
#.).).#
#.....#
#..U..#
#..@..#
#######


You could see a polar bear.


Message History

5 potions of speed; 2 potions of berserk rage
Things that are here:
a scroll of holy word; 2 scrolls of fear
y - 2 scrolls of fear;
z - a scroll of holy word
Found a bloodstained altar of Trog.
A - a wand of disintegration (7);
B - a wand of fire (5)
C - a wand of cold (5);
D - a wand of draining (5) Unknown command.
Items here: =======
E - a +6 ring of strength;
F - a +6 ring of strength Put on which piece of jewellery? (? for menu, Esc to quit)
You feel stronger.
E - a +6 ring of strength (left hand) Put on which piece of jewellery? (? for menu, Esc to quit)
You can only put on jewellery.
Put on which piece of jewellery? (? for menu, Esc to quit)
You feel stronger.
F - a +6 ring of strength (right hand)
Things that are here:
a tome of Destruction {!d} a disc of storms
Okay, then.
Wield which item (- for none, * to show all)? (? for menu, Esc to quit)
a - a +5,+5 demon whip (weapon)
Things that are here:
the cursed +15 Maxwell's patent armour {rCorr, Cons, -Cast -Tele MR+} the +6 shield of the gong {rElec rN+ MR+} the cursed +12,+15 obsidian axe {chop, +Fly Str+3 SInv Curse}
G - the +6 shield of the gong {rElec rN+ MR+} Wear which item? (? for menu, Esc to quit)
You finish putting on the +6 shield of the gong {rElec rN+ MR+}.
Your surroundings seem different!
Welcome to arena 1.
A polar bear and a simulacrum come into view.
The polar bear growls angrily.
Found two items.
Unknown command.
Evoke which item? (* to show all) (? for menu, Esc to quit)
Zapping:
B - a wand of fire (5)
The bolt of fire hits the goblin simulacrum.
The goblin simulacrum melts!
The goblin simulacrum vapourises!
Cheibriados appreciates the change of pace.
You hear a sizzling sound!
This wand has 4 charges left.
Unknown command.
Unknown command.
Evoke which item? (* to show all) (? for menu, Esc to quit)
That item cannot be evoked!
Evoke which item? (* to show all) (? for menu, Esc to quit)
Zapping:
B - a wand of fire (4)
Aim: a polar bear The bolt of fire hits the polar bear.
The polar bear is moderately wounded.
This wand has 3 charges left.
The polar bear bites you.
The polar bear claws you but does no damage.
Unknown command.
Unknown command.
You hit the polar bear but do no damage.
You claw the polar bear! You bite the polar bear.
The polar bear is severely wounded.
You block the polar bear's attack.
BONNNG!
The polar bear claws you but does no damage.
You block the polar bear's attack.
PTOANNNG!
You closely miss the polar bear. You bite the polar bear.
The polar bear is severely wounded.
The polar bear bites you!
Ouch! That really hurt!
You die...

Action                   || total
-------------------------++-------
Melee: Demon whip        ||     2
Evoke: Wand              ||     2

Vault maps used:
D:        sprint_v

Notes
Turn   | Place    | Note
--------------------------------------------------------------
     0 | D        | Bloax, the Gargoyle Gladiator, began the quest for the Orb.
     0 | D        | Reached XP level 1. HP: 13/13 MP: 0/0
     0 | D        | Found an ancient bone altar of Kikubaaqudgha.
     2 | D        | Found an iron altar of Okawaru.
     2 | D        | Found a basalt altar of Yredelemnul.
    24 | D        | Became a worshipper of Cheibriados the Contemplative
    26 | D        | Found a radiant altar of Vehumet.
    27 | D        | Found a shimmering altar of Xom.
    28 | D        | Found a burning altar of Makhleb.
    29 | D        | Found a deep blue altar of Sif Muna.
    29 | D        | Found a white marble altar of Elyvilon.
    35 | D        | Found a sparkling altar of Nemelex Xobeh.
    44 | D        | Found a bloodstained altar of Trog.
    66 | D        | Entered arena 1.
    66 | D        | Noticed a polar bear
    70 | D        | Slain by a polar bear

Vanquished Creatures
  A goblin simulacrum (D)
1 creature vanquished.
